 Dungeon Crawl Stone Soup version 0.19-a0-1361-g42bf4bf (webtiles) character file.

5260 Expote the Magician (level 10, -16/77 HPs)
             Began as a White Draconian Enchanter on Sept 2, 2016.
             Was a Believer of Dithmenos.
             Demolished by an orc knight
             ... wielding a +0 bardiche
              (31 damage)
             ... on level 7 of the Dungeon.
             The game lasted 01:31:38 (10034 turns).

Expote the Magician (White Draconian Enchanter)    Turns: 10034, Time: 01:31:39

Health: -16/77     AC: 12    Str: 12    XL:     10   Next: 36%
Magic:  10/21      EV: 15    Int: 18    God:    Dithmenos [**....]
Gold:   171        SH:  4    Dex: 15    Spells: 5 memorised, 11 levels left

rFire  + . .     SeeInvis .     p - +1 dagger (elec)
rCold  + . .     Gourm    .     (armour unavailable)
rNeg   . . .     Faith    .     y - +0 buckler
rPois  .         Spirit   .     (helmet restricted)
rElec  .         Dismiss  .     E - +0 cloak
rCorr  .         Reflect  .     F - +0 pair of gloves
MR     .....     Harm     .     m - +2 pair of boots
Stlth  ++++......               (no amulet)
                                g - ring of protection from fire
                                e - +4 ring of dexterity

@: wreathed by umbra
A: breathe frost, unfitting armour, cold resistance 1, cold-blooded, AC +7
a: Breathe Frost, Shadow Step, Renounce Religion


You were on level 7 of the Dungeon.
You worshipped Dithmenos.
Dithmenos was pleased with you.
You were hungry.

You visited 2 branches of the dungeon, and saw 8 of its levels.

You collected 449 gold pieces.
You spent 278 gold pieces at shops.

Inventory:

Hand Weapons
 d - a +1 spear of freezing
 p - a +1 dagger of electrocution (weapon)
Missiles
 j - 173 stones (quivered)
Armour
 m - a +2 pair of boots (worn)
 y - a +0 buckler (worn)
 E - a +0 cloak (worn)
 F - a +0 pair of gloves (worn)
Jewellery
 e - a +4 ring of dexterity (left hand)
 g - a ring of protection from fire (right hand)
Wands
 D - a wand of digging (10/24)
 H - a wand of acid (5/15)
Scrolls
 h - 2 scrolls of enchant armour
 i - a scroll of magic mapping
 k - 4 scrolls of teleportation
 l - a scroll of enchant weapon
 q - a scroll of fear
 s - 2 scrolls of recharging {unknown}
 u - 3 scrolls of amnesia {unknown}
 w - 3 scrolls of blinking
 x - a scroll of brand weapon {unknown}
 C - 2 scrolls of fog {unknown}
Potions
 o - a potion of heal wounds
 r - a potion of cancellation
 t - a potion of cure mutation {unknown}
 v - a potion of invisibility
 z - a potion of haste
Books
 b - a book of Maledictions

   Spells                             Type                      Level
   a - Corona                         Hexes                        1
   b - Ensorcelled Hibernation        Hexes/Ice                    2
   c - Confuse                        Hexes                        3
   d - Tukima's Dance                 Hexes                        3
   e - Dazzling Spray                 Conjuration/Hexes            3
Comestibles
 a - 4 chunks of flesh
 c - 6 bread rations
 f - 2 beef jerkies
 n - 6 meat rations


   Skills:
 + Level 3.1 Fighting
 + Level 3.2 Short Blades
 + Level 2.0 Throwing
 + Level 6.2 Dodging
 + Level 6.6 Stealth
 + Level 1.8 Shields
 + Level 7.4 Spellcasting
 + Level 3.4 Conjurations
 + Level 7.1 Hexes
 + Level 0.5 Ice Magic


You had 11 spell levels left.
You knew the following spells:

 Your Spells              Type           Power        Failure   Level  Hunger
a - Corona                Hex            ####...      1%          1    None
b - Ensorcelled Hibernat  Hex/Ice        ###...       4%          2    None
c - Confuse               Hex            ####....     2%          3    #......
d - Dazzling Spray        Conj/Hex       ####..       6%          3    #......
e - Tukima's Dance        Hex            ####....     2%          3    #......


Dungeon Overview and Level Annotations

Branches:
Dungeon (7/15)             Temple (1/1) D:6

Altars:
Ashenzari
Cheibriados
Dithmenos
Elyvilon
Fedhas
Gozag
Hepliaklqana
Kikubaaqudgha
Makhleb
Nemelex Xobeh
Okawaru
Qazlal
Ru
Sif Muna
Trog
Uskayaw
Vehumet
Xom
Yredelemnul
Zin
The Shining One

Shops:
D:4 }   D:5 [   D:6 ?

Annotations:
D:3 Redz's ghost, amateur GrAK


Innate Abilities, Weirdness & Mutations

You can breathe waves of freezing cold.
You can buffet flying creatures when you breathe cold.
Your icy white scales are hard. (AC +7)
Your body does not fit into most forms of armour.
Your flesh is cold resistant. (rC+)
You are cold-blooded and may be slowed by cold attacks.


Message History

The warg bites you!
* * * LOW HITPOINT WARNING * * *
The warg barely misses you.
Casting: Tukima's Dance
Confirm with . or Enter, or press ? or * to list all spells.
Aiming: Tukima's Dance
Press: ? - help, Shift-Dir - straight line, f/p - orc knight
Aim: an orc knight, wielding a bardiche and wearing a chain mail (chance to defeat MR: 54%)
The orc knight resists with significant effort.
The kobold shouts! x2
The warg bites you but does no damage. The warg barely misses you.
The warg misses you. The warg bites you.
* * * LOW HITPOINT WARNING * * *
The warg closely misses you. The warg closely misses you.
You block the warg's attack.
The orc knight hits you from afar with a bardiche!!
You die...

#.P..≈≈≈.# #....≈≈≈.# #....≈≈≈.#
#....≈≈≈.# #....≈≈≈.# #....≈≈≈.#
#.o..≈≈≈.# #########h..P≈≈###
#...>...#@...≈≈#.. ###### #####
#....##.#....≈≈#... ...... ....#
#....##.#...)≈≈#####≈≈≈≈≈≈
....####.....#.#....≈≈≈≈≈≈≈≈≈≈≈≈≈
.............#)#....≈≈≈≈≈≈≈≈≈≈≈o≈
.........##..#)#.....P...........
#........##..)...................
#........'.......########<##....#
#........###............#........


You could see an orc knight and a warg.

Vanquished Creatures
  An orc sorcerer (D:7)
  The ghost of cuftamc98 the Shield-Bearer, a novice FoFi of the Shining One (D:4)
  Sigmund (D:2)
  A meliai zombie (D:7)
  2 hippogriffs (D:7)
  11 wargs
  3 ice beasts (D:6)
  6 orc warriors
  An ogre (D:5)
  2 centaurs (D:5)
  A big kobold (D:7)
  3 giant frogs
  2 scorpions
  A water moccasin skeleton (D:6)
  5 killer bees (D:7)
  2 wights (D:7)
  3 crimson imps
  5 hounds
  Crazy Yiuf (D:4)
  A jelly (D:6)
  2 orc priests
  4 orc wizards
  Ijyb (D:3)
  2 iguanas (D:6)
  Terence (D:2)
  Natasha (thrice) (D:2)
  2 worker ants (D:7)
  A hound skeleton (D:7)
  A howler monkey zombie (D:6)
  6 adders
  4 gnolls (D:4)
  An ooze (D:3)
  5 giant geckos
  38 orcs
  5 giant cockroaches
  3 goblins
  8 hobgoblins
  13 jackals
  A quokka (D:7)
  A ball python (D:7)
  10 bats
  A giant gecko zombie (D:6)
  3 giant newts
  11 kobolds
  10 rats
190 creatures vanquished.

Vanquished Creatures (collateral kills)
  A wight (D:7)
  5 orcs
6 creatures vanquished.

Vanquished Creatures (others)
  3 dancing weapons
  2 plants (D:7)
5 creatures vanquished.

Grand Total: 201 creatures vanquished

Notes
Turn   | Place    | Note
-------+----------+-------------------------------------------
     0 | D:1      | Expote the Draconian Enchanter began the quest for the Orb.
     0 | D:1      | Reached XP level 1. HP: 14/14 MP: 3/3
   318 | D:1      | Reached XP level 2. HP: 20/20 MP: 3/5
   475 | D:1      | Learned a level 2 spell: Ensorcelled Hibernation
   991 | D:2      | Noticed Ijyb
  1012 | D:2      | HP: 1/20 [Ijyb/dagger of electrocution (17)]
  1473 | D:2      | Noticed Sigmund
  1514 | D:2      | Killed Sigmund
  1514 | D:2      | Reached skill level 1 in Throwing
  1514 | D:2      | Reached XP level 3. HP: 18/27 MP: 2/7
  1514 | D:2      | Reached XP level 4. HP: 23/34 MP: 2/8
  1514 | D:2      | Reached XP level 5. HP: 26/39 MP: 2/9
  1565 | D:2      | Learned a level 3 spell: Tukima's Dance
  1569 | D:2      | Learned a level 3 spell: Dazzling Spray
  1634 | D:2      | Noticed Natasha
  1713 | D:2      | Killed Natasha
  1836 | D:2      | Noticed Natasha
  1850 | D:2      | Killed Natasha
  2069 | D:2      | Noticed Natasha
  2112 | D:2      | Reached skill level 1 in Fighting
  2179 | D:2      | Killed Natasha
  2179 | D:2      | Reached XP level 6. HP: 39/47 MP: 6/10
  2243 | D:2      | Noticed Terence
  2249 | D:2      | Killed Terence
  2508 | D:3      | Killed Ijyb
  2565 | D:3      | Noticed Redz's ghost (amateur GrAK)
  4133 | D:4      | Noticed cuftamc98's ghost (novice FoFi)
  4604 | D:4      | Your scales start taking on an icy white colour.
  4604 | D:4      | Reached XP level 7. HP: 51/52 MP: 2/12
  4604 | D:4      | Gained mutation: Your flesh is cold resistant. (rC+) [White Draconian growth]
  4605 | D:4      | Reached skill level 1 in Conjurations
  4940 | D:4      | Killed cuftamc98's ghost
  5100 | D:4      | Found Zimaip's Gadget Emporium.
  5445 | D:4      | Found a runed door.
  5449 | D:4      | Noticed Crazy Yiuf
  5457 | D:4      | Killed Crazy Yiuf
  5467 | D:4      | Learned a level 3 spell: Confuse
  5501 | D:5      | Entered Level 5 of the Dungeon
  5828 | D:4      | Reached XP level 8. HP: 15/61 MP: 2/14
  6201 | D:5      | Found Apsup's Armour Shoppe.
  6206 | D:5      | Found a shattered altar of Ashenzari.
  6215 | D:5      | Bought a +0 pair of gloves for 63 gold pieces
  6553 | D:5      | Reached skill level 5 in Hexes
  6887 | D:6      | Found Pirript's Magic Scroll Boutique.
  7066 | D:6      | Reached skill level 5 in Stealth
  7160 | D:6      | Reached skill level 5 in Spellcasting
  7168 | D:6      | Bought a scroll of magic mapping for 35 gold pieces
  7168 | D:6      | Bought a scroll of identify for 20 gold pieces
  7168 | D:6      | Bought a scroll of blinking for 75 gold pieces
  7168 | D:6      | Bought 3 scrolls of noise for 30 gold pieces
  7168 | D:6      | Bought a scroll of identify for 20 gold pieces
  7168 | D:6      | Bought a scroll of immolation for 35 gold pieces
  7402 | D:6      | Found a staircase to the Ecumenical Temple.
  7437 | D:6      | Reached XP level 9. HP: 68/68 MP: 10/17
  7477 | Temple   | Entered the Ecumenical Temple
  7635 | Temple   | Became a worshipper of Dithmenos the Shadowed
  8197 | D:7      | Found a sacrificial altar of Ru.
  8474 | D:7      | Reached skill level 5 in Dodging
  8510 | D:6      | Reached * piety under Dithmenos
  9417 | D:7      | Reached skill level 1 in Shields
  9428 | D:7      | Reached XP level 10. HP: 62/77 MP: 20/20
  9457 | D:7      | Noticed an orc sorcerer
  9497 | D:7      | Killed an orc sorcerer
  9497 | D:7      | Reached ** piety under Dithmenos
 10006 | D:7      | Noticed an orc knight
 10034 | D:7      | Demolished by an orc knight

Vault maps used:
D:1:      scummos_arrival_hexagon, minmay_tetromino_i4
D:2:      uniq_iyjb, uniq_terence, uniq_natasha, uniq_sigmund
D:3:      grunt_ministairs_1
D:4:      serial_shops, kennysheep_mini_moat, first_bread, st_stairs_13,
          uniq_crazy_yiuf_cottage
D:5:      serial_shops, shop, ashenzari_altar_1
D:6:      serial_shops, nicolae_shop_stone, abandoned_shop
D:7:      lemuel_castle_with_subvaults, nicolae_ru_great_annihilating_truth
Temple:   regret_index_temple_sigil_plot

Skill      XL: |  1  2  3  4  5  6  7  8  9 10 |
---------------+-------------------------------+-----
Stealth        | 3 4 5 6 |  6.6
Hexes          | 3 4 5 6 7 |  7.1
Throwing       | 1 2 |  2.0
Dodging        | 2 3 4 5 6 |  6.2
Spellcasting   | 3 4 5 6 7 |  7.4
Fighting       | 1 2 3 |  3.1
Short Blades   | 2 3 |  3.2
Conjurations   | 1 2 3 |  3.4
Shields        | 1 |  1.8
Ice Magic      | |  0.5

Action                   |  1- 3 |  4- 6 |  7- 9 | 10-12 || total
-------------------------+-------+-------+-------+-------++-------
Melee: Dagger            |    66 |   184 |   317 |   101 ||   668
       Tailslap          |     9 |    22 |    36 |    13 ||    80
Throw: Stone             |    26 |     8 |     3 |       ||    37
 Cast: Corona            |    20 |    31 |    11 |     2 ||    64
       Ensorcelled Hiber |     3 |     2 |       |     3 ||     8
       Dazzling Spray    |       |    28 |    32 |     4 ||    64
       Tukima's Dance    |       |       |    18 |    10 ||    28
       Confuse           |       |       |    20 |    10 ||    30
 Abil: Breathe Frost     |       |       |    28 |     4 ||    32
  Use: Scroll            |       |     5 |    10 |       ||    15
 Stab: Sleeping          |     4 |     4 |     7 |     2 ||    17
       Invisible         |       |     8 |     4 |     1 ||    13
       Confused          |       |       |     7 |     3 ||    10
       Distracted        |       |       |     1 |     2 ||     3
  Eat: Chunk             |     1 |     9 |    20 |     3 ||    33
       Meat ration       |       |     1 |       |       ||     1
       Royal jelly       |       |       |     1 |       ||     1
       Fruit             |       |       |     4 |       ||     4
Armor: Skin              |    24 |    50 |    91 |    14 ||   179
Dodge: Dodged            |    49 |   122 |   238 |    55 ||   464
Block: Buckler           |       |       |    32 |    13 ||    45
